 Dungeon Crawl Stone Soup version 0.26.0-16-gc1dbca0489 (webtiles) character file.

Game seed: 6630275600840816701

5581 vvl the Ruffian (level 10, -1/60 HPs)
             Began as a Gargoyle Transmuter on Jan 20, 2021.
             Was a Believer of Kikubaaqudgha.
             Slain by an adder (4 damage)
             ... on level 10 of the Dungeon.
             The game lasted 00:34:21 (13223 turns).

vvl the Ruffian (Gargoyle Transmuter)              Turns: 13223, Time: 00:34:23

Health: -1/60      AC: 13    Str: 18    XL:     10   Next: 72%
Magic:  0/17       EV: 11    Int: 17    God:    Kikubaaqudgha [**....]
Gold:   173        SH:  0    Dex: 10    Spells: 18/19 levels left

rFire    + . .     SeeInvis .   t - +0 hand axe (venom)
rCold    . . .     Faith    .   (no shield)
rNeg     + . .     Spirit   +   y - +1 leather armour of the Trees {Rampage rElec Int+4 Stlth+}
rPois    ∞         Reflect  .   n - +2 hat
rElec    +         Harm     .   (no cloak)
rCorr    .         Rampage  +   (no gloves)
Will     .....                  (no boots)
Stlth    ++........             B - amulet of guardian spirit
HPRegen  0.20/turn              H - ring of protection from fire
MPRegen  0.15/turn              i - ring of wizardry

@: slowed, very slow
A: negative energy resistance 1, electricity resistance, unbreathing,
petrification resistance, miasma immunity, AC +7
a: Renounce Religion, Receive Corpses


You were on level 10 of the Dungeon.
You worshipped Kikubaaqudgha.
Kikubaaqudgha was pleased with you.
You visited 2 branches of the dungeon, and saw 11 of its levels.

You collected 415 gold pieces.
You spent 242 gold pieces at shops.

Inventory:

Hand Weapons
 r - a +2 dagger of venom
 t - a +0 hand axe of venom (weapon)
 G - the +6 shortbow of Velaclopt {speed, +Blink rC+}
   (You found it on level 8 of the Dungeon)

   Attacks with this weapon are significantly faster.
   It protects you from cold.
   It lets you blink.
 K - a +2 trident of pain
Missiles
 h - 76 bolts
 u - 2 throwing nets (quivered)
 I - 66 arrows
Armour
 n - a +2 hat (worn)
 y - the +1 leather armour of the Trees (worn) {Rampage rElec Int+4 Stlth+}
   (You found it on level 5 of the Dungeon)

   It affects your intelligence (+4).
   It insulates you from electricity.
   It bestows one free step when moving towards enemies.
   It makes you more stealthy.
 L - a +0 ring mail of fire resistance
Jewellery
 i - a ring of wizardry (right hand)
 B - an amulet of guardian spirit (around neck)
 H - a ring of protection from fire (left hand)
Wands
 q - a wand of paralysis (9)
 w - a wand of digging (5)
 F - a wand of random effects (5)
Scrolls
 b - 3 scrolls of enchant armour
 c - 2 scrolls of random uselessness
 f - 2 scrolls of amnesia
 p - 4 scrolls of teleportation {unknown}
 s - 3 scrolls of remove curse
 v - 2 scrolls of magic mapping
 x - 2 scrolls of enchant weapon {unknown}
 z - a scroll of vulnerability {unknown}
 A - a scroll of fear {unknown}
 D - a scroll of brand weapon {unknown}
 J - 2 scrolls of identify
Potions
 a - 3 potions of brilliance
 d - a potion of mutation {unknown}
 e - a potion of might {unknown}
 j - 2 potions of magic
 k - a potion of invisibility {unknown}
 o - a potion of degeneration {unknown}
 C - 3 potions of flight {unknown}
 E - a potion of lignification {unknown}
 M - a potion of attraction {unknown}
 N - a potion of resistance {unknown}
 P - a potion of cancellation {unknown}


   Skills:
 + Level 6.0 Fighting
 + Level 1.5 Polearms
 - Level 0.5 Bows
 + Level 5.8 Armour
 - Level 1.6 Dodging
 + Level 5.7 Shields
 + Level 6.8 Unarmed Combat
 + Level 5.2 Spellcasting
 * Level 4.4 Necromancy
 + Level 5.8 Transmutations
 + Level 2.4 Evocations


You had 18 spell levels left.
You knew the following spells:

 Your Spells              Type           Power        Failure   Level
a - Beastly Appendage     Tmut           48%          1%          1

Your spell library contained the following spells:

 Spells                   Type           Power        Failure   Level
 Animate Skeleton         Necr           38%          1%          1
 Pain                     Necr           76%          1%          1
 Wereblood                Tmut           24%          1%          2
 Vampiric Draining        Necr           9%           3%          3
 Corpse Rot               Necr/Air       N/A          4%          2
 Spider Form              Tmut/Pois      7%           6%          3
 Blade Hands              Tmut           12%          16%         5
 Ice Form                 Ice/Tmut       14%          19%         4


Dungeon Overview and Level Annotations

Branches:
Dungeon (10/15)            Temple (1/1) D:7            Lair (0/6) D:9
    Orc (0/2) D:9

Altars:
Ashenzari
Cheibriados
Fedhas
Gozag
Hepliaklqana
Kikubaaqudgha
Makhleb
Nemelex Xobeh
Okawaru
Qazlal
Ru
Sif Muna
Uskayaw
Vehumet
Xom
Yredelemnul
The Shining One

Shops:
D:5 *   D:10 ?


Innate Abilities, Weirdness & Mutations

You are resistant to torment.
Your stone body is resilient. (AC +7)
You are immune to poison.
You resist negative energy. (rN+)
You are resistant to electric shocks. (rElec)
You can survive without breathing.
You are immune to petrification.
You are immune to miasma.


Message History

You see here an adder skeleton.
Something hits you but does no damage.
The phantom hits you but does no damage.
Your hearing returns.
Something hits you.
* * * LOW HITPOINT WARNING * * *
The orc wizard casts a spell.
The orc wizard seems to speed up.
An adder comes into view.
Something hits you. The phantom barely misses you. Something barely misses you.
The orc wizard casts a spell.
The orc wizard blinks!
Something hits you.
* * * LOW HITPOINT WARNING * * *
Something hits you.
* * * LOW HITPOINT WARNING * * *
The adder bites you.
You die...
Kikubaaqudgha rasps: "You have failed me!
Welcome... oblivion!"

#..........#
#..........#
#..........#
.....#.#.#.#########
... #.#...........# .
###.#...........#
#..<#...........#
#.#####...........####
#....@S.#.#####.......
.######....#.....o.....
.......W...#.........).
#######....#..)W....)..
#..§o#...........
#..÷.#...........
###....#....#######
...................
#.########....######


You could see a phantom, an adder and an orc.

Vanquished Creatures
  A two-headed ogre (D:10)
  A death yak (D:9)
  Joseph (D:9)
  A hornet (D:9)
  Duvessa (D:6)
  A black bear (D:7)
  2 orc warriors
  A sky beast (D:5)
  2 ice beasts
  5 centaurs
  5 ogres
  3 big kobolds
  2 bullfrogs
  A gnoll sergeant (D:8)
  4 scorpions
  Dowan (D:6)
  2 howler monkeys
  A quasit (D:8)
  2 jellies
  A bullfrog zombie (D:7)
  6 orc priests
  2 centaur skeletons
  2 bullfrog skeletons
  4 hounds
  Ijyb (D:3)
  7 orc wizards
  3 iguanas
  9 worker ants
  A hound zombie (D:7)
  13 adders
  9 gnolls
  A white imp (D:7)
  An ufetubus (D:8)
  5 worms
  2 dart slugs
  4 leopard geckos
  20 orcs
  A ball python (D:1)
  4 giant cockroaches
  2 hobgoblins
  28 jackals
  20 kobolds
  4 quokkas
  8 bats
  2 frilled lizards
  21 goblins
  A quokka zombie (D:5)
  4 rats
223 creatures vanquished.

Notes
Turn   | Place    | Note
-------+----------+-------------------------------------------
     0 | D:1      | vvl the Gargoyle Transmuter began the quest for the Orb.
     0 | D:1      | Reached XP level 1. HP: 12/12 MP: 3/3
   286 | D:1      | Reached XP level 2. HP: 16/16 MP: 5/5
   814 | D:2      | Reached XP level 3. HP: 9/20 MP: 6/6
  1395 | D:2      | Reached skill level 1 in Shields
  1395 | D:2      | Reached XP level 4. HP: 17/25 MP: 5/7
  2249 | D:3      | Reached skill level 1 in Armour
  2406 | D:3      | Reached XP level 5. HP: 3/30 MP: 8/8
  2724 | D:3      | Found a shimmering altar of Xom.
  2725 | D:3      | Found a hazy altar of Hepliaklqana.
  2727 | D:3      | Noticed a spectral ugly thing
  3189 | D:3      | Found a faded altar of an unknown god.
  3397 | D:3      | Noticed Ijyb
  3407 | D:3      | Paralysed by Ijyb for 2 turns
  3417 | D:3      | Paralysed by Ijyb for 5 turns
  3425 | D:3      | Killed Ijyb
  3529 | D:3      | Reached XP level 6. HP: 33/35 MP: 9/9
  4206 | D:4      | Found an opulent altar of Gozag.
  4207 | D:4      | Found a sacrificial altar of Ru.
  4394 | D:4      | Reached XP level 7. HP: 40/40 MP: 11/11
  5116 | D:5      | Entered Level 5 of the Dungeon
  5118 | D:5      | Found Won Vaim's Assorted Antiques.
  5133 | D:5      | Bought a glowing brass wand for 108 gold pieces
  5133 | D:5      | Bought a scroll labelled CIXUSA GUK for 27 gold pieces
  5133 | D:5      | Bought a scroll labelled XEOTZI AJEPPE for 27 gold pieces
  5133 | D:5      | Bought a fizzy purple potion for 24 gold pieces
  5262 | D:5      | Found a shimmering blue altar of Sif Muna.
  5397 | D:5      | Reached skill level 5 in Unarmed Combat
  5441 | D:5      | Reached XP level 8. HP: 46/46 MP: 11/13
  5693 | D:5      | Got a steaming leather armour
  5704 | D:5      | Identified the +1 leather armour of the Trees {Rampage
                  | rElec Int+4 Stlth+} (You found it on level 5 of the
                  | Dungeon)
  7130 | D:6      | Noticed Dowan
  7133 | D:6      | Noticed Duvessa
  7141 | D:6      | Killed Dowan
  7146 | D:6      | Killed Duvessa
  7548 | D:6      | Found a burning altar of Makhleb.
  7548 | D:6      | Noticed a balrug
  7841 | D:7      | Found a staircase to the Ecumenical Temple.
  7864 | Temple   | Entered the Ecumenical Temple
  7930 | Temple   | Became a worshipper of Kikubaaqudgha
  8318 | D:7      | Reached skill level 1 in Necromancy
  8318 | D:7      | Reached XP level 9. HP: 50/52 MP: 13/15
  8489 | D:7      | Reached skill level 5 in Transmutations
  8673 | D:7      | Reached * piety under Kikubaaqudgha
  8673 | D:7      | Identified Kikubaaqudgha's Papyrus of Dark Arts
                  | (Kikubaaqudgha gifted it to you on level 7 of the Dungeon)
  8673 | D:7      | Received a gift from Kikubaaqudgha
  9447 | D:8      | Found a basalt altar of Yredelemnul.
  9684 | D:8      | Found a broken altar of Ashenzari.
  9760 | D:8      | Reached skill level 5 in Fighting
  9892 | D:8      | Got an ichor-stained shortbow
  9893 | D:8      | Identified the +6 shortbow of Velaclopt {speed, +Blink rC+}
                  | (You found it on level 8 of the Dungeon)
 10269 | D:8      | Reached skill level 5 in Armour
 10570 | D:8      | Reached ** piety under Kikubaaqudgha
 10573 | D:8      | Reached skill level 1 in Evocations
 10840 | D:9      | Found a staircase to the Orcish Mines.
 10854 | D:9      | Reached skill level 5 in Shields
 10866 | D:9      | Reached XP level 10. HP: 26/59 MP: 8/17
 11243 | D:9      | Found a staircase to the Lair.
 11243 | D:9      | Noticed a death yak
 11244 | D:9      | Noticed a death yak
 11244 | D:9      | Noticed a death yak
 11244 | D:9      | Noticed a death yak
 11244 | D:9      | Noticed a death yak
 11245 | D:9      | Noticed a death yak
 11727 | D:9      | Found a sparkling altar of Nemelex Xobeh.
 12171 | D:9      | Noticed Joseph
 12188 | D:9      | Killed Joseph
 12459 | D:9      | Killed a death yak
 12460 | D:9      | Reached skill level 5 in Spellcasting
 12910 | D:10     | Entered Level 10 of the Dungeon
 12930 | D:10     | Reached skill level 1 in Polearms
 13018 | D:10     | Found Kiyt's Magic Scroll Emporium.
 13027 | D:10     | Bought a scroll of identify for 28 gold pieces
 13027 | D:10     | Bought a scroll of identify for 28 gold pieces
 13027 | D:10     | Noticed a two-headed ogre
 13056 | D:10     | Killed a two-headed ogre
 13223 | D:10     | HP: 3/60 [something (3)]
 13223 | D:10     | Slain by an adder

Illustrated notes

Levels and vault maps discovered:
D:1:      dpeg_arrival_ternary, layout_loops_ring, nrook_loot_triangle
D:2:      layout_basic
D:3:      kennysheep_goblin_castle, layout_basic,
          regret_index_temple_of_mockery, chequers_ecumenical_altar_twisty
D:4:      layout_loops_corners, minitemple
D:5:      layout_gridville, serial_shops, nicolae_shop_overgrown_old_shop,
          led_sif_pool
D:6:      layout_loops_cross, enter_ossuary_1, hangedman_abyss_or_decor_stagger,
          makhleb_altar_promises_db, uniq_duvessa
D:7:      layout_basic, minmay_temple_entry_junction, minmay_crystal_room
D:8:      layout_cave_pods, evilmike_ruin_ashenzari, yredelemnul_altar_generic
D:9:      cheibrodos_elevator_heist, layout_loops_corners,
          nicolae_overflow_crystal_walls, dpeg_lair_monsters, orc_0_dummy,
          uniq_joseph
D:10:     layout_basic, serial_shops, shop, hangedman_weighted_door
Temple:   eino_temple_scatter_basement

Skill      XL: |  1  2  3  4  5  6  7  8  9 10 |
---------------+-------------------------------+-----
Transmutations | 2 3 4 5 |  5.8
Shields        | 1 2 3 4 5 |  5.7
Armour         | 1 2 3 4 5 |  5.8
Fighting       | 2 3 4 5 6 |  6.0
Unarmed Combat | 4 5 6 |  6.8
Spellcasting   | 3 4 5 |  5.2
Necromancy     | 1 3 4 |  4.4
Evocations     | 1 2 |  2.4
Polearms       | 1 |  1.5
Bows           | |  0.5
Dodging        | |  1.6

Action                   |  1- 3 |  4- 6 |  7- 9 | 10-12 || total
-------------------------+-------+-------+-------+-------++-------
Melee: Unarmed           |   121 |   126 |       |       ||   247
       Punch             |     2 |     2 |    10 |     3 ||    17
       Kick              |     4 |    29 |    22 |     2 ||    57
       Headbutt          |     3 |    14 |    11 |     1 ||    29
       Dagger            |       |    33 |       |       ||    33
       Hand axe          |       |    40 |   407 |   103 ||   550
Throw: Throwing net      |       |       |       |     1 ||     1
 Cast: Beastly Appendage |     6 |    21 |     8 |     1 ||    36
Evoke: Wand              |       |       |     3 |    14 ||    17
  Use: Scroll            |       |       |    11 |     6 ||    17
       Potion            |       |       |       |     6 ||     6
 Stab: Sleeping          |       |       |     4 |     2 ||     6
       Paralysed         |       |       |       |    10 ||    10
Armor: Robe              |    34 |    71 |       |       ||   105
       Ring mail         |       |    42 |    53 |       ||    95
       Leather armour    |       |       |   211 |    64 ||   275
Dodge: Dodged            |    90 |   172 |   332 |    55 ||   649
